 Dungeon Crawl Stone Soup version 0.21.0-22-g11d5b52 (console) character file.

83679 Duffy the Eclecticist (level 15, 92/92 HPs)
             Began as a Deep Elf Earth Elementalist on Jan 18, 2018.
             Was a High Priest of Vehumet.
             Quit the game on level 14 of the Dungeon on Jan 19, 2018.
             The game lasted 01:09:19 (40741 turns).

Duffy the Eclecticist (DEEE)                       Turns: 40741, Time: 01:09:21

Health: 92/92      AC:  8    Str:  5    XL:     15   Next: 33%
Magic:  16/51      EV: 21    Int: 27    God:    Vehumet [*****.]
Gold:   2395       SH:  8    Dex: 19    Spells: 16/45 levels left

rFire    . . .     SeeInvis .   D - staff of power
rCold    . . .     Gourm    .   V - +2 buckler
rNeg     . . .     Faith    +   H - +0 steam dragon scales
rPois    .         Spirit   .   f - +0 helmet
rElec    .         Reflect  .   y - +0 cloak
rCorr    +         Harm     .   J - +0 pair of gloves
MR       +....                  (no boots)
Stlth    ++........             r - amulet of faith
HPRegen  0.25/turn              K - ring of resist corrosion
MPRegen  0.32/turn              m - +4 ring of dexterity

@: no status effects
A: no striking features
a: Renounce Religion


You were on level 14 of the Dungeon.
You worshipped Vehumet.
Vehumet was extremely pleased with you.
You were not hungry.

You visited 4 branches of the dungeon, and saw 23 of its levels.

You collected 2701 gold pieces.
You spent 306 gold pieces at shops.

Inventory:

Hand Weapons
 O - a +2 demon whip of draining
Missiles
 b - 219 stones
 i - 351 arrows (quivered)
Armour
 f - a +0 helmet (worn)
 y - a +0 cloak (worn)
 H - +0 steam dragon scales (worn)
 J - a +0 pair of gloves (worn)
 Q - a +2 leather armour of poison resistance
 V - a +2 buckler (worn)
 W - a +2 robe of fire resistance
 X - a +2 robe of cold resistance
Magical Staves
 D - an uncursed staff of power (weapon)
Jewellery
 g - an uncursed ring of positive energy
 m - a +4 ring of dexterity (right hand)
 n - a +4 amulet of reflection
 r - an amulet of faith (around neck)
 K - a ring of resist corrosion (left hand)
Wands
 x - a wand of digging (26)
 z - a wand of random effects (39)
 A - a wand of flame (33)
 C - a wand of disintegration (10)
 L - a wand of acid (6)
 S - a wand of iceblast (19)
Scrolls
 c - 8 scrolls of blinking
 h - 12 scrolls of remove curse
 j - 3 scrolls of immolation
 k - 5 scrolls of teleportation
 p - a scroll of torment {unknown}
 q - 2 scrolls of amnesia
 t - 2 scrolls of magic mapping
 F - a scroll of fog {unknown}
 G - 2 scrolls of enchant armour
 P - a scroll of acquirement
 U - 2 scrolls of fear
 Y - a scroll of summoning
Potions
 e - a potion of cancellation
 l - 5 potions of brilliance
 o - 4 potions of haste
 s - 5 potions of curing
 u - 2 potions of agility
 v - 7 potions of heal wounds
 w - 6 potions of ambrosia
 B - 5 potions of invisibility
 E - 6 potions of flight
 I - a potion of magic
 N - 4 potions of mutation
 Z - a potion of resistance
Books
 M - a book of Necromancy

   Spells                             Type                      Level
   a - Pain                           Necromancy                   1
   b - Animate Skeleton               Necromancy                   1
   c - Vampiric Draining              Necromancy                   3
   d - Regeneration                   Charms/Necromancy            3
   e - Animate Dead                   Necromancy                   4
   f - Borgnjor's Vile Clutch         Necromancy/Earth             5
Comestibles
 d - 27 rations


   Skills:
 - Level 10.0 Fighting
 - Level 11.0 Dodging
 - Level 2.4 Stealth
 - Level 4.0 Shields
 - Level 15.6 Spellcasting
 + Level 12.5 Conjurations
 - Level 5.0 Necromancy
 - Level 2.0 Translocations
 - Level 7.4 Transmutations
 - Level 12.0 Earth Magic
 + Level 6.7 Poison Magic
 - Level 6.1 Evocations


You had 16 spell levels left.
You knew the following spells:

 Your Spells              Type           Power        Failure   Level  Hunger
a - Poison Arrow          Conj/Pois      ######....   1%          6    ####...
b - Stone Arrow           Conj/Erth      ######       1%          3    None
h - Sandblast             Erth           ######       0%          1    None
l - Lee's Rapid Deconstr  Erth           ######....   1%          5    None
n - Petrify               Tmut/Erth      ######..     1%          4    None
s - Sticks to Snakes      Tmut           ######..     1%          2    None
u - Apportation           Tloc           ####..       1%          1    None
y - Regeneration          Chrm/Necr      ####......   2%          3    None
B - Blink                 Tloc           N/A          1%          2    None
P - Passwall              Tmut/Erth      ######....   1%          2    None


Dungeon Overview and Level Annotations

Branches:
Dungeon (15/15)            Temple (1/1) D:5            Lair (6/6) D:10
 Shoals (0/4) Lair:3       Spider (0/4) Lair:2        Slime (0/5) Lair:5
    Orc (2/2) D:10            Elf (0/3) Orc:2
 Vaults: D:13-14     Depths: D:15

Altars:
Ashenzari
Cheibriados
Dithmenos
Elyvilon
Fedhas
Gozag
Hepliaklqana
Kikubaaqudgha
Makhleb
Nemelex Xobeh
Okawaru
Qazlal
Ru
Sif Muna
Trog
Uskayaw
Vehumet
Wu Jian
Xom
Yredelemnul
Zin
The Shining One
Beogh

Shops:
D:10 :   Orc:2 !}?(

Portals:
Pandemonium: Orc:2


Message History

The five-headed hydra is severely wounded.
Cast which spell? (? or * to list)
Aiming: Poison Arrow
Press: ? - help, Shift-Dir - straight line, f/p - five-headed hydra
Aim: a five-headed hydra (severely wounded, poisoned)
The poison arrow hits the five-headed hydra.
The five-headed hydra partially resists.
The five-headed hydra looks as sick as possible!
The five-headed hydra is almost dead.
Cast which spell? (? or * to list)
Aiming: Poison Arrow
Press: ? - help, Shift-Dir - straight line, f/p - five-headed hydra
Aim: a five-headed hydra (almost dead, poisoned)
The poison arrow hits the five-headed hydra.
The five-headed hydra partially resists.
The five-headed hydra looks as sick as possible!
You kill the five-headed hydra!
Vehumet accepts your kill.
You feel your power returning.
Are you sure you want to abandon this character and quit the game? (Confirm with "yes".)

#######
#......##
.......@#
#....[.##
#.?....
.......
.######


There were no monsters in sight!

Vanquished Creatures
  An orc warlord (Orc:1)
  Nessos (D:12)
  An ettin (Orc:1)
  4 hydras
  An ogre mage (D:14)
  9 two-headed ogres
  A tengu warrior (D:10)
  7 death yaks
  Urug (D:11)
  Nergalle (D:11)
  6 orc high priests
  A sixfirhy (Orc:2)
  A torturous demonspawn (Orc:2)
  2 unseen horrors (D:11)
  2 gelid demonspawn (Orc:2)
  An infernal demonspawn (Orc:2)
  4 orc knights (Orc:2)
  8 orc sorcerers (Orc:2)
  3 oklob plants
  An ugly thing (D:11)
  11 elephants
  A cyclops (D:12)
  5 black mambas
  An orange demon (Orc:2)
  A gargoyle (D:11)
  15 spiny frogs
  A smoke demon (Orc:2)
  A rime drake (Lair:3)
  A hellwing (Orc:1)
  5 komodo dragons
  3 trolls
  5 hornets
  A snapping turtle (Lair:3)
  3 polar bears (Lair:6)
  3 slime creatures (D:14)
  20 blink frogs
  8 dream sheep
  11 hippogriffs
  Sigmund (D:5)
  A water elemental (D:11)
  A redback (Lair:2)
  A shadow (D:11)
  2 wraiths
  18 spriggans
  A ynoxinul (Orc:2)
  3 wyverns
  52 yaks
  Grum (D:10)
  A basilisk (Lair:2)
  Eustachio (D:6)
  A steam dragon (Lair:2)
  4 hungry ghosts
  2 vampire mosquitoes (D:15)
  2 wargs
  11 water moccasins
  13 porcupines
  5 ice beasts
  3 black bears (Lair:6)
  40 orc warriors
  11 ogres
  A phantom (D:4)
  6 sky beasts
  3 boggarts (Lair:6)
  An eye of draining (D:12)
  25 wolves
  3 centaurs
  13 crocodiles
  14 bullfrogs
  2 scorpions
  6 electric eels
  5 howler monkeys
  10 crimson imps
  A bullfrog zombie (D:6)
  4 jellies
  22 orc priests
  9 hounds
  16 orc wizards
  A bullfrog skeleton (D:7)
  A centaur skeleton (D:7)
  2 iguanas
  Natasha (twice) (D:2)
  7 worker ants
  A hell rat (D:10)
  A statue (D:5)
  2 hound zombies
  A hound skeleton (D:7)
  Robin (D:3)
  A gnoll (D:1)
  A howler monkey skeleton (D:7)
  12 adders
  2 river rats (D:10)
  A shadow imp (D:14)
  2 oozes (D:6)
  4 dart slugs (D:1)
  A worm (D:2)
  7 leopard geckos
  95 orcs
  2 giant cockroaches
  2 gnoll zombies (D:3)
  13 goblins
  9 hobgoblins
  19 jackals
  5 quokkas
  A ball python (D:4)
  8 bats
  4 kobolds
  A leopard gecko skeleton (D:4)
  A leopard gecko zombie (D:5)
  6 rats
684 creatures vanquished.

Vanquished Creatures (collateral kills)
  Prince Ribbit (Lair:1)
  A blink frog (Lair:1)
  2 orc priests (D:10)
  3 orcs (D:10)
7 creatures vanquished.

Vanquished Creatures (others)
  22 fungi
  28 plants
50 creatures vanquished.

Grand Total: 741 creatures vanquished

Notes
Turn   | Place    | Note
-------+----------+-------------------------------------------
     0 | D:1      | Duffy the Deep Elf Earth Elementalist began the quest for the Orb.
     0 | D:1      | Reached XP level 1. HP: 10/10 MP: 6/6
    36 | D:1      | Reached XP level 2. HP: 15/15 MP: 3/8
    94 | D:1      | Learned a level 2 spell: Passwall
   525 | D:1      | Reached skill level 4 in Spellcasting
   681 | D:1      | Reached XP level 3. HP: 19/19 MP: 7/10
   686 | D:1      | Learned a level 3 spell: Stone Arrow
   963 | D:2      | Reached skill level 1 in Conjurations
   963 | D:2      | Reached XP level 4. HP: 24/24 MP: 8/12
  1304 | D:2      | Noticed Natasha
  1307 | D:2      | Killed Natasha
  1384 | D:2      | Noticed Natasha
  1389 | D:2      | Killed Natasha
  1389 | D:2      | Reached XP level 5. HP: 28/28 MP: 9/14
  1539 | D:2      | Learned a level 5 spell: Lee's Rapid Deconstruction
  2153 | D:3      | Noticed Robin
  2255 | D:3      | Killed Robin
  2255 | D:3      | Reached skill level 5 in Spellcasting
  2381 | D:3      | Found a basalt altar of Yredelemnul.
  3098 | D:3      | Found a burning altar of Makhleb.
  3327 | D:4      | Reached skill level 5 in Earth Magic
  3392 | D:4      | Reached XP level 6. HP: 32/32 MP: 5/15
  3398 | D:4      | Learned a level 4 spell: Petrify
  3560 | D:4      | Noticed an ice beast
  3564 | D:4      | Killed an ice beast
  3993 | D:4      | Reached skill level 5 in Conjurations
  4208 | D:5      | Entered Level 5 of the Dungeon
  4208 | D:5      | Found a staircase to the Ecumenical Temple.
  4219 | Temple   | Entered the Ecumenical Temple
  4458 | D:5      | Noticed Sigmund
  4468 | D:5      | Killed Sigmund
  4468 | D:5      | Reached skill level 1 in Fighting
  4468 | D:5      | Reached XP level 7. HP: 38/38 MP: 3/16
  4650 | D:5      | Found a radiant altar of Vehumet.
  4657 | D:5      | Became a worshipper of Vehumet
  5788 | D:5      | Reached skill level 5 in Dodging
  6102 | D:6      | Reached XP level 8. HP: 46/46 MP: 10/17
  6210 | D:6      | Noticed Eustachio
  6273 | D:6      | Killed Eustachio
  6803 | D:6      | Reached * piety under Vehumet
  6803 | D:6      | Offered knowledge of Magic Dart by Vehumet.
  7027 | D:6      | Reached skill level 5 in Fighting
  7801 | D:6      | Found a hazy altar of Hepliaklqana.
  7808 | D:6      | Found a deep blue altar of Sif Muna.
  7890 | D:6      | Found a white marble altar of Elyvilon.
  7891 | D:6      | Found an ornate altar of the Wu Jian Council.
  8511 | D:7      | Learned a level 2 spell: Sticks to Snakes
  9039 | D:7      | Reached skill level 6 in Spellcasting
  9252 | D:7      | Noticed a hippogriff
  9274 | D:7      | Reached XP level 9. HP: 45/54 MP: 9/20
 10008 | D:8      | Noticed a two-headed ogre
 10022 | D:8      | Killed a two-headed ogre
 10022 | D:8      | Reached skill level 7 in Spellcasting
 10736 | D:8      | Noticed a two-headed ogre
 10756 | D:8      | Killed a two-headed ogre
 10756 | D:8      | Reached skill level 8 in Spellcasting
 10756 | D:8      | Reached XP level 10. HP: 59/59 MP: 0/24
 11085 | D:8      | Offered knowledge of Shock by Vehumet.
 11363 | D:9      | Reached ** piety under Vehumet
 11476 | D:9      | Reached skill level 5 in Transmutations
 11670 | D:9      | Found a roughly hewn altar of Beogh.
 11670 | D:9      | Noticed a two-headed ogre
 11700 | D:9      | Noticed a two-headed ogre
 11709 | D:8      | Killed a two-headed ogre
 11709 | D:8      | Reached skill level 10 in Earth Magic
 12604 | D:8      | Paralysed by a hornet for 3 turns
 12607 | D:8      | Reached skill level 9 in Spellcasting
 12972 | D:9      | Killed a two-headed ogre
 13824 | D:9      | Learned a level 1 spell: Apportation
 13879 | D:10     | Entered Level 10 of the Dungeon
 13958 | D:10     | Found Numperr's Book Emporium.
 13982 | D:10     | Offered knowledge of Throw Frost by Vehumet.
 14324 | D:10     | Noticed Grum
 14337 | D:10     | Reached XP level 11. HP: 58/64 MP: 17/26
 14367 | D:10     | Killed Grum
 14367 | D:10     | Reached *** piety under Vehumet
 14620 | D:10     | Noticed a two-headed ogre
 14648 | D:10     | Killed a two-headed ogre
 14802 | D:10     | Found a staircase to the Orcish Mines.
 14860 | D:10     | Found a roughly hewn altar of Beogh.
 15020 | D:10     | Offered knowledge of Conjure Flame by Vehumet.
 15224 | D:10     | Noticed a tengu warrior
 15229 | D:10     | Killed a tengu warrior
 15407 | D:10     | Noticed a death yak
 15586 | D:10     | Noticed a death yak
 15594 | D:10     | Noticed a death yak
 15598 | D:10     | Killed a death yak
 15730 | D:10     | Found a staircase to the Lair.
 16107 | D:9      | Killed a death yak
 16107 | D:9      | Reached skill level 10 in Dodging
 16291 | D:10     | Killed a death yak
 16509 | D:11     | Reached **** piety under Vehumet
 16638 | D:11     | Noticed a white ugly thing
 16641 | D:11     | Killed a white ugly thing
 16858 | D:11     | Offered knowledge of Sticky Flame by Vehumet.
 17223 | D:11     | Noticed Urug
 17579 | D:11     | Killed an unseen horror
 17579 | D:11     | Reached XP level 12. HP: 34/75 MP: 21/27
 19072 | D:11     | Killed Urug
 19323 | D:11     | Noticed Nergalle
 19332 | D:11     | Killed Nergalle
 19429 | D:11     | Reached skill level 10 in Fighting
 19972 | Lair:1   | Entered Level 1 of the Lair of Beasts
 20144 | Lair:1   | Reached skill level 1 in Shields
 20600 | Lair:1   | Reached ***** piety under Vehumet
 20604 | Lair:1   | Offered knowledge of Lightning Bolt by Vehumet.
 20762 | Lair:1   | Noticed Prince Ribbit
 20789 | Lair:1   | Killed Prince Ribbit
 20841 | Lair:1   | Reached skill level 10 in Spellcasting
 20965 | Lair:1   | Reached skill level 1 in Translocations
 21342 | Lair:2   | Learned a level 2 spell: Blink
 21458 | Lair:2   | Found a hole to the Spider Nest.
 22755 | Lair:3   | Reached XP level 13. HP: 82/82 MP: 21/29
 23711 | Lair:4   | Reached skill level 11 in Spellcasting
 25993 | Lair:4   | Learned a level 3 spell: Regeneration
 26860 | Lair:4   | Reached skill level 12 in Spellcasting
 26907 | Lair:4   | Reached skill level 1 in Necromancy
 28186 | Lair:5   | Found a staircase to the Slime Pits.
 28605 | Lair:6   | Entered Level 6 of the Lair of Beasts
 29241 | Lair:6   | Reached skill level 5 in Necromancy
 29245 | Lair:6   | Reached skill level 13 in Spellcasting
 29363 | Lair:6   | Reached skill level 10 in Conjurations
 29623 | Lair:6   | Reached skill level 1 in Evocations
 29623 | Lair:6   | Reached XP level 14. HP: 63/88 MP: 12/33
 30582 | Lair:6   | Offered knowledge of Yara's Violent Unravelling by Vehumet.
 32352 | Lair:6   | Reached skill level 14 in Spellcasting
 33153 | Lair:4   | Reached skill level 5 in Evocations
 33279 | Lair:3   | Found a staircase to the Shoals.
 33484 | Orc:1    | Entered Level 1 of the Orcish Mines
 34064 | Orc:1    | Offered knowledge of Bolt of Draining by Vehumet.
 34324 | Orc:2    | Entered Level 2 of the Orcish Mines
 34324 | Orc:2    | Found a staircase to the Elven Halls.
 34765 | Orc:1    | Noticed an orc warlord
 35640 | Orc:1    | Killed an orc warlord
 36489 | Orc:2    | Offered knowledge of Poison Arrow by Vehumet.
 36518 | Orc:1    | Learned a level 6 spell: Poison Arrow
 36799 | Orc:2    | Reached skill level 1 in Poison Magic
 36973 | Orc:2    | Found Vuoj's Distillery.
 36974 | Orc:2    | Found Zoigom's Magic Scroll Shop.
 37833 | Orc:2    | Reached skill level 15 in Spellcasting
 38305 | Orc:2    | Reached XP level 15. HP: 92/92 MP: 30/36
 38618 | Orc:2    | Reached skill level 5 in Poison Magic
 38739 | Orc:2    | Found Zir Zybiz's Antique Weapon Shoppe.
 38739 | Orc:2    | Found Aclonog's Gadget Emporium.
 38739 | Orc:2    | Found a one-way gate leading to the halls of Pandemonium.
 38836 | Orc:2    | Bought a scroll of fear for 42 gold pieces
 38836 | Orc:2    | Bought a scroll of summoning for 114 gold pieces
 38838 | Orc:2    | Bought a potion of resistance for 150 gold pieces
 38925 | D:12     | Noticed Nessos
 38928 | D:12     | Killed Nessos
 40063 | D:12     | You fall through a shaft for 3 floors!
 40063 | D:15     | Entered Level 15 of the Dungeon
 40068 | D:15     | Identified a scroll of acquirement
 40741 | D:14     | Quit the game

Skill      XL: |  1  2  3  4  5  6  7  8  9 10 11 12 13 14 15 |
---------------+----------------------------------------------+-----
Spellcasting   | 4 5 6 8 9 10 13 15 | 15.6
Earth Magic    | 4 5 7 9 10 11 12 | 12.0
Conjurations   | 1 2 4 5 7 10 12 | 12.5
Fighting       | 1 3 5 8 10 | 10.0
Dodging        | 3 5 6 7 11 | 11.0
Transmutations | 4 7 |  7.4
Shields        | 4 |  4.0
Translocations | 2 |  2.0
Necromancy     | 5 |  5.0
Evocations     | 1 6 |  6.1
Poison Magic   | 4 6 |  6.7
Stealth        | |  2.4

Action                   |  1- 3 |  4- 6 |  7- 9 | 10-12 | 13-15 || total
-------------------------+-------+-------+-------+-------+-------++-------
Melee: Unarmed           |       |       |       |     1 |       ||     1
       Dagger            |       |       |       |     1 |     1 ||     2
       Demon whip        |       |       |       |       |     2 ||     2
 Cast: Sandblast         |    30 |    46 |    47 |    72 |    84 ||   279
       Stone Arrow       |       |    51 |    91 |   325 |   500 ||   967
       Petrify           |       |       |     7 |       |    29 ||    36
       Lee's Rapid Decon |       |       |    13 |    47 |   137 ||   197
       Sticks to Snakes  |       |       |     2 |     7 |     2 ||    11
       Passwall          |       |       |     2 |       |       ||     2
       Blink             |       |       |       |       |    14 ||    14
       Poison Arrow      |       |       |       |       |   117 ||   117
       Regeneration      |       |       |       |       |    11 ||    11
Evoke: Wand              |       |       |    19 |       |    16 ||    35
  Use: Scroll            |       |       |     8 |    14 |     5 ||    27
       Potion            |       |       |     1 |       |       ||     1
  Eat: Chunk             |       |    12 |    19 |    31 |    53 ||   115
       Ration            |       |       |     2 |     4 |     7 ||    13
Armor: Robe              |     2 |     2 |       |       |       ||     4
       Animal skin       |       |       |     4 |    16 |       ||    20
       Steam dragon scal |       |       |       |     1 |    15 ||    16
       Leather armour    |       |       |       |       |    28 ||    28
Dodge: Dodged            |       |     6 |    41 |   103 |   256 ||   406
Block: Other             |       |     3 |    13 |    23 |       ||    39
       Reflection        |       |       |     1 |     4 |       ||     5
       Buckler           |       |       |       |    23 |   106 ||   129
